Match 45953318
Unlisted

Match 45953318
End
Scout Squad
Selects Airborne Battlegroup
Selects Heavy Machine Gun Paradrop
Heavy Machine Gun Paradrop
Engineer Squad
Engineer Squad
Heavy Machine Gun Paradrop
Infantry Support Center
Construct Weapon Support Center
Construct Medical Station
Bazooka Squad
Selects Recon Loiter
M3 Armored Personnel Carrier
Selects Supply Drop
M3 Armored Personnel Carrier
Supply Drop
M3 Armored Personnel Carrier
Selects Paratrooper Squad Paradrop
M3 Armored Personnel Carrier
Paratrooper Squad Paradrop
Supply Drop
Bego
MIHua
Ermac
Tanzdiktator
0
0

Comments sign in to comment!

No comments posted yet!